 Dungeon Crawl Stone Soup version 0.20.0 (webtiles) character file.

484 FakerFangirl the Cudgeler (level 6, -5/53 HPs)
             Began as a Draconian Fighter on May 25, 2017.
             Slain by FakerFangirl's ghost (19 damage)
             ... on level 5 of the Dungeon.
             The game lasted 00:04:16 (3724 turns).

FakerFangirl the Cudgeler (Draconian Fighter)       Turns: 3724, Time: 00:04:16

Health: -5/53      AC:  7    Str: 18    XL:     6   Next: 88%
Magic:  6/6        EV: 10    Int:  8    God:
Gold:   258        SH:  9    Dex: 13    Spells: 5/5 levels left

rFire    . . .     SeeInvis .   Y - +0 flail
rCold    . . .     Gourm    .   b - +0 shield
rNeg     . . .     Faith    .   (armour unavailable)
rPois    .         Spirit   .   (helmet restricted)
rElec    .         Reflect  .   m - +0 cloak
rCorr    .         Harm     .   (no gloves)
MR       .....                  (no boots)
Stlth    +.........             q - amulet of regeneration
Regen    0.6/turn               (no ring)
MPRegen  0.1/turn               (no ring)

@: no status effects
A: unfitting armour, cold-blooded, AC +6
a: no special abilities


You were on level 5 of the Dungeon.
You were not hungry.

You visited 1 branch of the dungeon, and saw 5 of its levels.

You collected 258 gold pieces.


Innate Abilities, Weirdness & Mutations

Your plain brown scales are hard. (AC +6)
You cannot fit into any form of body armour.
You are cold-blooded and may be slowed by cold attacks.


   Skills:
 - Level 4.3 Fighting
 + Level 7.0 Maces & Flails
 - Level 2.6 Dodging
 - Level 3.0 Shields


You had 5 spell levels left.
You didn't know any spells.

Inventory:

Hand Weapons
 Y - a +0 flail (weapon)
Armour
 b - a +0 shield (worn)
 m - a +0 cloak (worn)
Jewellery
 q - an amulet of regeneration (around neck)
Scrolls
 i - a scroll of identify
 p - a scroll of recharging
 r - 4 scrolls of remove curse
Potions
 a - a potion of ambrosia {unknown}
 c - a potion of might
 e - a potion of haste {unknown}
 h - a potion of heal wounds {unknown}
 l - a potion of agility {unknown}
 n - a potion of mutation {unknown}
Comestibles
 d - 4 bread rations
 f - 2 meat rations
 j - 4 chunks of flesh
 o - 2 royal jellies

Dungeon Overview and Level Annotations

Branches:
Dungeon (5/15)
 Temple: D:4-7

Altars:
Ashenzari
Gozag

Annotations:
D:5 FakerFangirl's ghost, novice DrFi


Message History

You sock FakerFangirl's ghost!
FakerFangirl's ghost is severely damaged.
FakerFangirl's ghost hits you.
You barely miss FakerFangirl's ghost.
FakerFangirl's ghost is severely damaged.
FakerFangirl's ghost barely misses you.
You hit FakerFangirl's ghost but do no damage.
FakerFangirl's ghost is severely damaged.
You block FakerFangirl's ghost's attack.
You barely miss FakerFangirl's ghost. You tail-slap FakerFangirl's ghost.
FakerFangirl's ghost is severely damaged.
You block FakerFangirl's ghost's attack.
FakerFangirl's ghost hits you!
You hit FakerFangirl's ghost but do no damage.
FakerFangirl's ghost is severely damaged.
FakerFangirl's ghost barely misses you.
You barely miss FakerFangirl's ghost.
FakerFangirl's ghost is severely damaged.
FakerFangirl's ghost hits you!!
You die...

###+##
#..@.###+###+#
#...W.........
#.........##
#.....)...#
#...###...#
#...# #...#
#...# .......
#..<#..........
#..o#..........


You could see FakerFangirl's ghost.

Vanquished Creatures
  The ghost of FakerFangirl the Cudgeler, an amateur DrFi (D:3)
  An ogre (D:4)
  2 orc wizards (D:4)
  An orc priest (D:4)
  An iguana (D:4)
  2 worker ants (D:4)
  6 adders
  An adder skeleton (D:4)
  4 worms
  A dart slug (D:1)
  3 leopard geckos
  12 orcs
  2 ball pythons
  9 bats
  3 giant cockroaches
  6 goblins
  9 hobgoblins
  2 frilled lizards
  A jackal skeleton (D:4)
  7 kobolds
  7 rats
81 creatures vanquished.

Notes
Turn   | Place    | Note
-------+----------+-------------------------------------------
     0 | D:1      | FakerFangirl the Draconian Fighter began the quest for the Orb.
     0 | D:1      | Reached XP level 1. HP: 19/19 MP: 1/1
     0 | D:1      | 0 ||| counter = 20
   228 | D:1      | Reached XP level 2. HP: 21/26 MP: 2/2
   339 | D:1      | Reached skill level 3 in Maces & Flails
   929 | D:1      | 929 ||| UPGRADING to cloak.
   934 | D:1      | 934 ||| READING scroll labeled ELLODI AHISYSU.
   935 | D:1      | 935 ||| READING scroll labeled KAELAEJ XUCH.
  1034 | D:2      | Reached XP level 3. HP: 30/31 MP: 3/3
  1053 | D:2      | Found an opulent altar of Gozag.
  1249 | D:2      | 1249 ||| SWAPPING to glowing whip.
  1250 | D:2      | 1250 ||| SWAPPING to +0 flail.
  1251 | D:2      | 1251 ||| DROPPING +0 whip of venom.
  1266 | D:2      | 1266 ||| Stepping ~*~*~tactically~*~*~ (outnumbered).
  1267 | D:2      | 1267 ||| Stepping ~*~*~tactically~*~*~ (outnumbered).
  1268 | D:2      | 1268 ||| Stepping ~*~*~tactically~*~*~ (outnumbered).
  1269 | D:2      | 1269 ||| Stepping ~*~*~tactically~*~*~ (outnumbered).
  1270 | D:2      | 1270 ||| Stepping ~*~*~tactically~*~*~ (outnumbered).
  1332 | D:2      | Reached skill level 4 in Maces & Flails
  1568 | D:2      | 1568 ||| READING scroll of identify.
  1568 | D:2      | 1568 ||| IDENTIFYING glowing onyx ring
  1569 | D:2      | 1569 ||| DROPPING ring of wizardry.
  1610 | D:3      | 1610 ||| STAIRDANCE
  1654 | D:3      | Found a shattered altar of Ashenzari.
  1683 | D:3      | Reached XP level 4. HP: 38/38 MP: 4/4
  1885 | D:3      | Noticed FakerFangirl's ghost (amateur DrFi)
  1905 | D:3      | Killed FakerFangirl's ghost
  1905 | D:3      | Reached skill level 5 in Maces & Flails
  1905 | D:3      | Reached XP level 5. HP: 19/45 MP: 5/5
  2496 | D:3      | 2496 ||| READING scroll labeled FOCSASU UHITZA.
  2497 | D:3      | 2497 ||| READING scroll labeled MIKENE AGUHU.
  2498 | D:3      | 2498 ||| DRINKING 2 golden potions.
  2499 | D:3      | 2499 ||| DRINKING 2 black potions.
  2527 | D:3      | 2527 ||| READING scroll of identify.
  2527 | D:3      | 2527 ||| IDENTIFYING runed bone ring
  2528 | D:3      | 2528 ||| DROPPING ring of magical power.
  2529 | D:3      | 2529 ||| DROPPING potion of flight.
  2530 | D:3      | 2530 ||| DROPPING potion of lignification.
  2616 | D:4      | Reached skill level 6 in Maces & Flails
  2635 | D:4      | Noticed an ogre
  2802 | D:4      | Killed an ogre
  2802 | D:4      | Reached XP level 6. HP: 28/53 MP: 6/6
  3087 | D:4      | HP: 8/53 [orc/hand axe (7)]
  3425 | D:4      | Reached skill level 7 in Maces & Flails
  3643 | D:4      | 3643 ||| UPGRADING to runed zirconium amulet.
  3644 | D:4      | 3644 ||| READING scroll labeled SON VIUT URA.
  3645 | D:4      | 3645 ||| READING scroll labeled GOFUCV GOISH.
  3646 | D:4      | 3646 ||| READING 2 scrolls labeled UXIORI YXUATAB.
  3647 | D:4      | 3647 ||| READING scroll labeled IRIORO BIKK.
  3666 | D:5      | Entered Level 5 of the Dungeon
  3670 | D:5      | Noticed FakerFangirl's ghost (novice DrFi)
  3722 | D:5      | HP: 12/53 [FakerFangirl's ghost (7)]
  3724 | D:5      | Slain by FakerFangirl's ghost

Vault maps used:
D:1:      dpeg_arrival_round_c, serial_forest, infiniplex_forest_lined_room_,
          infiniplex_forest_clump_double, infiniplex_forest_straight_1,
          infiniplex_forest_clump_small, infiniplex_forest_join,
          infiniplex_forest_end_double, infiniplex_forest_corner_2,
          minmay_pentomino_z2
D:2:      grunt_gozag_statues, first_bread
D:3:      serial_bayou_pond_c, cheibrodos_ashenzari_chains
D:5:      serial_shops, shop, nicolae_shop_trees, nicolae_shop_window_shopping,
          shop_fountains, uniq_pikel

Skill      XL: |  1  2  3  4  5  6 |
---------------+-------------------+-----
Maces & Flails | 3 4 5 6 7 |  7.0
Fighting       | 4 |  4.3
Dodging        | |  2.6
Shields        | |  3.0

Action                   |  1- 3 |  4- 6 || total
-------------------------+-------+-------++-------
Melee: Flail             |   110 |   166 ||   276
       Tailslap          |    14 |    21 ||    35
Throw: Tomahawk          |       |    21 ||    21
  Use: Scroll            |     3 |     7 ||    10
       Potion            |       |     2 ||     2
 Stab: Sleeping          |     2 |       ||     2
  Eat: Chunk             |     3 |     6 ||     9
Armor: Skin              |    28 |    28 ||    56
Dodge: Dodged            |    37 |    57 ||    94
Block: Shield            |    36 |    69 ||   105
